 Dungeon Crawl Stone Soup version 0.25.1-2-g60ff931df9 (webtiles) character file.

Game seed: 6374866750230581465

48 graki42 the Skirmisher (level 3, 0/34 HPs)
             Began as a Naga Fighter on July 30, 2020.
             Succumbed to an adder's poison
             ... on level 2 of the Dungeon.
             The game lasted 00:02:52 (942 turns).

graki42 the Skirmisher (Naga Fighter)                Turns: 942, Time: 00:02:53

Health: 0/34       AC:  4    Str: 19    XL:     3   Next: 72%
Magic:  3/3        EV:  5    Int:  8    God:
Gold:   73         SH:  8    Dex: 10    Spells: 2/2 levels left

rFire    . . .     SeeInvis +   i - +0 hand axe
rCold    . . .     Gourm    .   c - +0 kite shield
rNeg     . . .     Faith    .   b - +0 scale mail
rPois    +         Spirit   .   (no helmet)
rElec    .         Reflect  .   (no cloak)
rCorr    .         Harm     .   (no gloves)
MR       .....                  (no barding)
Stlth    ..........             (no amulet)
HPRegen  0.11/turn              (no ring)
MPRegen  0.08/turn              (no ring)

@: lethally poisoned (0 -> -1), very slow
A: large, see invisible, deformed body, poison resistance, slowness 2, slow
metabolism 1, spit poison 1, AC +1
a: Spit Poison


You were on level 2 of the Dungeon.
You were not hungry.

You visited 1 branch of the dungeon, and saw 2 of its levels.

You collected 73 gold pieces.

Inventory:

Hand Weapons
 a - a +0 war axe
 i - a +0 hand axe (weapon)
Armour
 b - a +0 scale mail (worn)
 c - a +0 kite shield (worn)
Scrolls
 e - a scroll of amnesia {unknown}
 h - 2 scrolls of magic mapping {unknown}
 l - a scroll of remove curse {unknown}
 n - 2 scrolls of identify {unknown}
Potions
 d - a potion of might
Comestibles
 f - 2 rations
 g - a chunk of flesh


   Skills:
 + Level 3.3 Fighting
 + Level 2.6 Axes
 + Level 2.7 Armour
 + Level 0.2 Dodging
 + Level 2.8 Shields


You had 2 spell levels left.
You didn't know any spells.
Your spell library was empty.

Dungeon Overview and Level Annotations

Branches:
Dungeon (2/15)

Altars:


Innate Abilities, Weirdness & Mutations

You cannot wear boots.
Your serpentine skin is tough. (AC +1)
You have supernaturally acute eyesight. (SInv)
Armour fits poorly on your strangely shaped body.
Your system is resistant to poisons. (rPois)
You cover ground very slowly.
You have a slow metabolism.
You can spit poison.


Message History

You closely miss the ball python.
The ball python is severely wounded.
The ball python bites you.
* * * LOW HITPOINT WARNING * * *
It was a potion of invisibility.
You fade into invisibility!
The ball python bites you but does no damage.
You are very lightly contaminated with residual magic.
You closely miss the ball python.
The ball python is severely wounded.
You slash the ball python!
You kill the ball python!
* * * LOW HITPOINT WARNING * * *
You feel sick.
Your magical effects are unravelling.
You feel magically purged.
Your magical contamination has completely faded away.
You feel yourself slow down.
You flicker back into view.
Okay, then.
You die...

..### .#.. [...
... #...#...
#......
####.....#
.........
...#..††#
#.....@###?#.#
.)....†††.....#
..............#
.####.........#
#..........#
...#..........
.....#.♣♣♣.♣...
.....#♣♣ P♣♣♣.
..... .P


There were no monsters in sight!

Vanquished Creatures
  An adder (D:2)
  2 dart slugs (D:1)
  3 bats (D:1)
  4 giant cockroaches
  5 goblins (D:1)
  3 hobgoblins (D:1)
  6 jackals (D:2)
  2 kobolds (D:1)
  A ball python (D:2)
  2 frilled lizards (D:1)
  3 rats
32 creatures vanquished.

Notes
Turn   | Place    | Note
-------+----------+-------------------------------------------
     0 | D:1      | graki42 the Naga Fighter began the quest for the Orb.
     0 | D:1      | Reached XP level 1. HP: 21/21 MP: 1/1
   287 | D:1      | Reached XP level 2. HP: 28/28 MP: 2/2
   702 | D:1      | Reached XP level 3. HP: 34/34 MP: 3/3
   938 | D:2      | HP: 1/34 [poisoned by an adder]
   942 | D:2      | Succumbed to an adder's poison

Illustrated notes

Levels and vault maps discovered:
D:1:      minmay_arrival_checkered_box, layout_loops_ring
D:2:      layout_rooms, serial_forest, infiniplex_forest_clump_C,
          infiniplex_forest_clump_diagonal, infiniplex_forest_straight_1,
          infiniplex_forest_clump_long, infiniplex_forest_lined_1,
          infiniplex_forest_end_double, infiniplex_forest_lined_corner,
          infiniplex_forest_straight_1

Action                   || total
-------------------------++-------
Melee: War axe           ||    25
       Hand axe          ||   103
  Use: Potion            ||     4
Armor: Scale mail        ||    73
Dodge: Dodged            ||    31
Block: Kite shield       ||    73
